 Dungeon Crawl Stone Soup version 0.23.2-40-g277498a001 (webtiles) character file.

Game seed: 3495401724174405181

44 DenSaoPin the Charmwright (level 3, 0/29 HPs)
             Began as a Merfolk Skald on Oct 9, 2019.
             Succumbed to an adder's poison
             ... on level 2 of the Dungeon on Oct 10, 2019.
             The game lasted 00:04:30 (1250 turns).

DenSaoPin the Charmwright (Merfolk Skald)           Turns: 1250, Time: 00:04:30

Health: 0/29       AC:  3    Str: 11    XL:     3   Next: 60%
Magic:  3/6        EV: 13    Int: 12    God:
Gold:   94         SH:  0    Dex: 14    Spells: 5/6 levels left

rFire    . . .     SeeInvis .   a - +0 falchion
rCold    . . .     Gourm    .   (no shield)
rNeg     . . .     Faith    .   b - +0 leather armour
rPois    .         Spirit   .   (no helmet)
rElec    .         Reflect  .   (no cloak)
rCorr    .         Harm     .   (no gloves)
MR       .....                  (no boots)
Stlth    +.........             (no amulet)
HPRegen  0.09/turn              (no ring)
MPRegen  0.10/turn              (no ring)

@: lethally poisoned (0 -> -3), infused
A: change form in water, swift swim, stealthy swim
a: no special abilities


You were on level 2 of the Dungeon.
You were not hungry.

You visited 1 branch of the dungeon, and saw 2 of its levels.

You collected 94 gold pieces.

Inventory:

Hand Weapons
 a - a +0 falchion (weapon)
 f - a +1 dagger of speed
Armour
 b - a +0 leather armour (worn)
 e - a +0 hat
Jewellery
 h - an uncursed ring of magical power {unknown}
Scrolls
 g - 2 scrolls of identify {unknown}
 j - a scroll of magic mapping {unknown}
 k - a scroll of teleportation {unknown}
Potions
 c - a potion of mutation {unknown}
 i - a potion of agility {unknown}
Comestibles
 d - a ration


   Skills:
 + Level 3.1 Fighting
 + Level 2.6 Long Blades
 - Level 0.6 Armour
 + Level 3.1 Dodging
 + Level 2.2 Spellcasting
 + Level 3.6 Charms


You had 5 spell levels left.
You knew the following spells:

 Your Spells              Type           Power        Failure   Level  Hunger
a - Infusion              Chrm           ##..         8%          1    ##.....

Your spell library contained the following spells:

 Spells                   Type           Power        Failure   Level  Hunger
 Song of Slaying          Chrm           ##......     12%         2    ###....
 Shroud of Golubria       Chrm/Tloc      #.........   26%         2    ###....
 Regeneration             Chrm/Necr      #.........   45%         3    ####...
 Spectral Weapon          Hex/Chrm       #.......     45%         3    ####...


Dungeon Overview and Level Annotations

Branches:
Dungeon (2/15)

Altars:
Ashenzari
Makhleb


Message History

Confirm with . or Enter, or press ? or * to list all spells.
You begin infusing your attacks with magical energy.
The jackal closely misses you. The jackal misses you.
You hit the jackal.
You kill the jackal!
The jackal bites you but does no damage. x3
You closely miss the jackal.
The jackal is severely wounded.
You feel sick. The jackal bites you.
* * * LOW HITPOINT WARNING * * *
The jackal closely misses you.
You riposte.
You hit the jackal.
You kill the jackal!
The jackal bites you.
* * * LOW HITPOINT WARNING * * *
You closely miss the jackal. The jackal barely misses you.
You closely miss the jackal. The jackal bites you.
* * * LOW HITPOINT WARNING * * *
The jackal bites you but does no damage.
You closely miss the jackal.
You die...

#..................#
#.......#..........##
#....._.###..........
#.........#)#......#
#....##...#†#......##
#....##....†.........
#.... ##+##÷#....#..
##...###.##.#....#
.........h@#....#
######....###....#
+.....hh....#
#..._.#....#####.
.....>..h..........
##.........%.##....
#...........# ...
#.....##....# .
#...........#


You could see a jackal.

Vanquished Creatures
  An adder (D:2)
  A dart slug (D:1)
  A leopard gecko (D:1)
  A ball python (D:1)
  2 giant cockroaches (D:1)
  7 goblins
  A hobgoblin (D:1)
  5 jackals (D:2)
  3 bats (D:1)
  3 frilled lizards
  2 kobolds (D:1)
  2 rats (D:1)
29 creatures vanquished.

Notes
Turn   | Place    | Note
-------+----------+-------------------------------------------
     0 | D:1      | DenSaoPin the Merfolk Skald began the quest for the Orb.
     0 | D:1      | Reached XP level 1. HP: 16/16 MP: 3/3
   166 | D:1      | Reached XP level 2. HP: 23/23 MP: 5/5
   716 | D:1      | Reached XP level 3. HP: 22/28 MP: 6/6
  1053 | D:2      | Found a burning altar of Makhleb.
  1212 | D:2      | Found a shattered altar of Ashenzari.
  1249 | D:2      | HP: 1/29 [jackal (3)]
  1250 | D:2      | Succumbed to an adder's poison

Skill      XL: |  1  2  3 |
---------------+----------+-----
Dodging        | 3 |  3.1
Fighting       | 3 |  3.1
Long Blades    | |  2.6
Armour         | |  0.6
Spellcasting   | |  2.2
Charms         | |  3.6

Action                   || total
-------------------------++-------
Melee: Falchion          ||   107
 Cast: Infusion          ||     1
  Eat: Chunk             ||     1
Armor: Leather armour    ||    40
Dodge: Dodged            ||   122
       Rpst.: Falchion   ||    36
